 Dungeon Sprint DCSS version 0.26-a0-652-gafc20e3620 (webtiles) character file.

Game seed: 7905607858025118563

525941 olmar the Talismancer (level 22, -16/354 HPs)
             Began as a Naga Fighter on Sept 28, 2020.
             Was an Initiate of Gozag.
             Killed from afar by Lom Lobon (70 damage)
             ... with a great icy blast
             ... in the Dungeon (Sprint IX: "|||||||||||||||||||||||||||||") on Oct 3, 2020.
             The game lasted 00:43:29 (7786 turns).

olmar the Talismancer (Naga Fighter)                Turns: 7786, Time: 00:43:30

Health: -16/354    AC: 34    Str: 27    XL:     22   Next: 53%
Magic:  22/22      EV:  1    Int:  6    God:    Gozag
Gold:   8832       SH: 11    Dex: 13    Spells: 21/21 levels left

rFire    + + .     SeeInvis +   F - +18 lance "Wyrmbane" {slay drac, rPois rF+ rC+ AC+3}
rCold    + . .     Faith    .   x - +0 buckler "Syiggeth" {rElec Regen+} (curse)
rNeg     + + +     Spirit   .   (armour currently unavailable)
rPois    +         Reflect  .   (helmet currently unavailable)
rElec    +         Harm     .   (cloak currently unavailable)
rCorr    +         Rampage  .   (gloves currently unavailable)
MR       ++...     NoTele   +   (no barding)
Stlth    +++++++++.             g - amulet of regeneration
HPRegen  1.49/turn              V - ring of Zekher {Fire rPois rN+}
MPRegen  0.18/turn              R - ring of Abukiawu {rElec rF+ Dex+2 Slay+4 Stlth+}

@: mighty, tree-form, resistant, fire vulnerable, gold aura, stab, very slightly
contaminated, hasted, invisible, very quick
A: large, rugged brown scales 1, see invisible, dopey 2, frail 1, screaming 1,
spit poison 2, AC +7
}: 9/17 runes: decaying, serpentine, barnacled, slimy, elven, silver, golden,
abyssal, gossamer
a: Breathe Poison Gas, End Transformation, Potion Petition, Call Merchant, Bribe
Branch, Renounce Religion


You were in the Dungeon.
You worshipped Gozag.
Gozag was greatly pleased with you.
You were a tree.
You visited 1 branch You collected 50139 gold pieces.
You spent 8494 gold pieces at shops.
You paid 32813 gold pieces to Gozag.

Inventory:

Hand Weapons
 d - the +8 arc blade {discharge, rElec}
   (You took it off Nikola in the Dungeon)

   It insulates you from electricity.
 f - a +5 eveningstar of protection
 F - the +18 lance "Wyrmbane" (weapon) {slay drac, rPois rF+ rC+ AC+3}
   (You bought it in a shop in the Dungeon)

   It affects your AC (+3).
   It protects you from fire.
   It protects you from cold.
   It protects you from poison.
Armour
 i - the +3 crown of Dyrovepreva (melded) {rElec Int+2 SInv}
   (You bought it in a shop in the Dungeon)

   It affects your intelligence (+2).
   It insulates you from electricity.
   It lets you see invisible.
 o - a scarf of shadows (melded)
 x - the cursed +0 buckler "Syiggeth" (worn) {rElec Regen+}
   (You bought it in a shop in the Dungeon)

   It insulates you from electricity.
   It increases your rate of regeneration.
   It has a curse placed upon it.
 B - a +2 plate armour
 E - a +1 tower shield
 G - +3 ice dragon scales (melded)
 S - a +0 barding of stealth (melded)
 T - a +0 pair of gloves of strength (melded)
Jewellery
 e - a +4 ring of protection
 g - an amulet of regeneration (around neck)
 q - a +2 ring of evasion
 r - a +3 ring of strength
 z - an uncursed ring of fire
 A - an uncursed ring of fire
 N - the ring of Xom's Best Wishes {AC+4 Dex+2 Stlth+}
   (You bought it in a shop in the Dungeon)

   [ring of protection]

   It affects your AC (+4).
   It affects your dexterity (+2).
   It makes you more stealthy.
 R - the ring of Abukiawu (right branch) {rElec rF+ Dex+2 Slay+4 Stlth+}
   (You bought it in a shop in the Dungeon)

   [ring of protection from fire]

   It affects your dexterity (+2).
   It affects your accuracy and damage with ranged weapons and melee attacks
   (+4).
   It protects you from fire.
   It insulates you from electricity.
   It makes you more stealthy.
 U - the ring "Ethruk" {rElec rF+ Dex+3}
   (You found it in the Dungeon)

   [ring of dexterity]

   It affects your dexterity (+3).
   It protects you from fire.
   It insulates you from electricity.
 V - the ring of Zekher (left branch) {Fire rPois rN+}
   (You found it in the Dungeon)

   [ring of fire]

   It enhances your fire magic.
   It protects you from fire.
   It makes you vulnerable to cold.
   It protects you from poison.
   It protects you from negative energy.
 W - the ring "Keaqet" {Wiz rElec rPois Str-3 Dex+7}
   (You found it in the Dungeon)

   [ring of wizardry]

   It improves your spell success rate.
   It affects your strength (-3).
   It affects your dexterity (+7).
   It insulates you from electricity.
   It protects you from poison.
Wands
 a - a wand of digging (1)
 c - a wand of flame (7)
 m - a wand of iceblast (3)
 u - a wand of disintegration (3)
 v - a wand of random effects (5)
Scrolls
 j - 6 scrolls of blinking
 k - 4 scrolls of remove curse
 l - 3 scrolls of amnesia
 s - 8 scrolls of enchant armour
 t - 10 scrolls of enchant weapon
 y - 4 scrolls of fear
 I - 6 scrolls of fog
 O - a scroll of immolation
 P - a scroll of silence
 Q - 4 scrolls of identify
Potions
 h - 9 potions of magic
 n - 4 potions of haste
 H - 4 potions of brilliance
 J - 4 potions of berserk rage
 M - 3 potions of curing
Miscellaneous
 b - a lightning rod (4/4)
 p - the horn of Geryon
 w - a tin of tremorstones (3/3)


   Skills:
 O Level 27 Fighting
 - Level 17.3 Short Blades
 - Level 22.0 Maces & Flails
 O Level 27 Polearms
 O Level 27 Armour
 + Level 25.2 Dodging
 O Level 27 Stealth
 O Level 27 Shields
 O Level 27 Evocations


You had 21 spell levels left.
You didn't know any spells.
Your spell library contained the following spells:

 Spells                   Type           Power        Failure   Level
 Confusing Touch          Hex            #.......     83%         3
 Gell's Gravitas          Tloc           #.........   83%         3
 Petrify                  Tmut/Erth      #.......     99%         4
 Metabolic Englaciation   Hex/Ice        #.........   100%        5
 Yara's Violent Unravell  Hex/Tmut       #.........   100%        5
 Malign Gateway           Summ/Tloc      #.........   100%        7
 Monstrous Menagerie      Summ           #.........   100%        7
 Summon Greater Demon     Summ           #.........   100%        7
 Summon Horrible Things   Summ           #.........   100%        8


Dungeon Overview and Level Annotations

Branches:
Dungeon (1/1)

Altars:
Cheibriados
Dithmenos
Elyvilon
Fedhas
Gozag
Hepliaklqana
Kikubaaqudgha
Makhleb
Nemelex Xobeh
Okawaru
Qazlal
Ru
Sif Muna
Trog
Uskayaw
Vehumet
Wu Jian
Xom
Yredelemnul
Zin
The Shining One
Beogh
Jiyva
Lugonu

Shops:
D =*([=*([}[*=[[}[(

Annotations:
D Gloorx Vloq, Lom Lobon, Mnoleg


Innate Abilities, Weirdness & Mutations

You cannot wear boots.
((Your serpentine skin is tough. (AC +7)))
You have supernaturally acute eyesight. (SInv)
((Armour fits poorly on your strangely shaped body.))
((Your system is resistant to poisons. (rPois)))
((You cover ground very slowly.))
You can exhale a cloud of poison.
((You can use your snake-like lower body to constrict enemies.))
(You are partially covered in rugged brown scales. (AC +1, +3% HP))
You are very dopey. (Int -4)
You are frail. (-10% HP)
You occasionally shout uncontrollably at your foes.


Message History

The large abomination is engulfed in freezing vapours.
Lom Lobon blinks!
Unknown command.
Unknown command. [a] - 360 gold - haste and heal wounds [b] - 900 gold - resistance, might, haste, brilliance and magic [c] - 400 gold - haste and resistance Purchase which effect?
You feel as though your hastened speed will last longer.
You feel much better.
You are engulfed in freezing vapours.
You resist.
* * * LOW HITPOINT WARNING * * *
The Executioner is engulfed in freezing vapours.
The Executioner hits you!!
* * * LOW HITPOINT WARNING * * *
The Executioner hits you but does no damage. x2
Lom Lobon gestures at you.
Lom Lobon conjures a mighty blast of ice!
The great icy blast engulfs you!!! You partially resist.
You die...
Your body crumbles into a pile of gold.

............................)())(
▓▓▓▓▓▓▓▓▓▓▓▓▓▓▓▓▓▓▓▓▓▓▓▓▓▓▓▓▓▓▓▓▓
.................................
▓▓▓▓▓▓▓▓▓▓▓▓▓▓▓▓▓▓▓▓▓▓▓▓▓▓▓▓▓▓▓▓▓
'.........).'.........'.........'
▓▓▓▓▓▓▓▓▓▓▓▓▓▓▓▓▓▓▓▓▓▓▓▓▓▓▓▓▓▓▓▓▓
.................................
▓▓▓▓▓▓▓▓▓▓▓▓▓▓▓▓▓▓▓▓▓▓▓▓▓▓▓▓▓▓▓▓▓
X1&&X.1♣§§&☼............
▓▓▓▓▓▓▓▓▓▓▓▓▓▓▓▓▓▓▓▓▓▓▓▓


You could see Lom Lobon (fast, gusty), Gloorx Vloq, Mnoleg, 2 Executioners and 2
large abominations.

Vanquished Creatures
  the Royal Jelly (D)
  Ereshkigal (D)
  6 orbs of fire (D)
  2 ancient liches (D)
  Mara (D)
  A juggernaut (D)
  5 greater mummies (D)
  Frederick (D)
  Margery (D)
  Geryon (D)
  Xtahua (D)
  Nikola (D)
  4 golden dragons (D)
  2 electric golems (D)
  Rupert (D)
  A lich (D)
  4 tentacled monstrosities (D)
  20 Orb Guardians (D)
  3 deep elf blademasters (D)
  2 titans (D)
  A quicksilver dragon (D)
  3 deep elf master archers (D)
  13 acid blobs (D)
  13 sphinxes (D)
  A death cob (D)
  A tengu reaver (D)
  Kirke (D)
  Ilsuiw (D)
  7 shadow dragons (D)
  5 storm dragons (D)
  7 nagarajas (D)
  8 azure jellies (D)
  3 deep elf sorcerers (D)
  3 frost giants (D)
  2 vault wardens (D)
  3 draconian knights (D)
  3 draconian scorchers (D)
  Aizul (D)
  3 ghost moths (D)
  8 emperor scorpions (D)
  3 draconian stormcallers (D)
  Louise (D)
  A draconian annihilator (D)
  5 stone giants (D)
  2 ironheart preservers (D)
  2 very ugly things (D)
  2 entropy weavers (D)
  2 vampire knights (D)
  4 black draconians (D)
  2 green draconians (D)
  3 dire elephants (D)
  3 white draconians (D)
  3 purple draconians (D)
  2 deep elf annihilators (D)
  3 red draconians (D)
  7 mummy priests (D)
  2 deep elf death magi (D)
  A merfolk javelineer (D)
  5 merfolk impalers (D)
  Josephine (D)
  3 ettins (D)
  5 fire dragons (D)
  4 great orbs of eyes (D)
  An ice dragon (D)
  8 death oozes (D)
  4 yaktaur captains (D)
  Erolcha (D)
  A deep elf high priest (D)
  A spriggan air mage (D)
  5 rakshasas (D)
  A ghost crab (D)
  25 vault guards (D)
  3 merfolk avatars (D)
  2 centaur warriors (D)
  4 hydras (D)
  2 naga warriors (D)
  An ogre mage (D)
  A deep troll shaman (D)
  2 merfolk aquamancers (D)
  2 tengu warriors (D)
  A vampire mage (D)
  A deep troll earth mage (D)
  A spriggan berserker (D)
  An orc high priest (D)
  2 thrashing horrors (D)
  2 shock serpents (D)
  A naga sharpshooter (D)
  Nergalle (D)
  A deep troll (D)
  11 swamp dragons (D)
  A skeletal warrior (D)
  An unseen horror (D)
  3 hell knights (D)
  A sea snake (D)
  A flayed ghost (D)
  A wizard (D)
  4 ironbrand convokers (D)
  A deep elf mage (D)
  2 harpies (D)
  3 necromancers (D)
  4 orc knights (D)
  2 mana vipers (D)
  2 orb spiders (D)
  4 wolf spiders (D)
  5 orc sorcerers (D)
  A manticore (D)
  5 elephants (D)
  3 cyclopes (D)
  2 black mambas (D)
  3 ugly things (D)
  A merfolk siren (D)
  3 naga magi (D)
  10 moths of wrath (D)
  2 vault sentinels (D)
  2 guardian serpents (D)
  2 cane toads (D)
  An apocalypse crab (D)
  A komodo dragon (D)
  A yaktaur (shapeshifter) (D)
  2 yaktaurs (D)
  2 demonic crawlers (D)
  A meliai (D)
  A meliai (shapeshifter) (D)
  16 guardian mummies (D)
  3 merfolk (D)
  2 hornets (D)
  A wandering mushroom (D)
  A blink frog (D)
  A raiju (D)
  A slime creature (D)
  2 hippogriffs (D)
  A tyrant leech (D)
  3 shadows (D)
  3 redbacks (D)
  A water elemental (D)
  11 spriggans (D)
  2 ynoxinuls (D)
  Grum (D)
  2 wyverns (D)
  2 hogs (D)
  Eustachio (D)
  2 golden eyes (D)
  5 wraiths (D)
  A yak (D)
  An acid dragon (D)
  An insubstantial wisp (D)
  A naga (D)
  A water moccasin (D)
  A floating eye (D)
  2 swamp drakes (D)
  6 porcupines (D)
  7 orc warriors (D)
  A centaur (D)
  2 ogres (D)
  3 wolves (D)
  A crocodile (D)
  A small abomination (D)
  4 bullfrogs (D)
  A quasit (D)
  A jelly (D)
  3 orc priests (D)
  11 orc wizards (D)
  An adder (D)
  3 adder skeletons (D)
  A leopard gecko (D)
  9 orcs (D)
  A bat skeleton (D)
  A bat zombie (D)
  A hobgoblin (D)
  A jackal (D)
  2 frilled lizards (D)
  A giant cockroach zombie (D)
  A jackal skeleton (D)
  A rat (D)
509 creatures vanquished.

Vanquished Creatures (collateral kills)
  An Orb Guardian (D)
  A vampire knight (D)
  A moth of wrath (D)
3 creatures vanquished.

Vanquished Creatures (others)
  Cerebov (D)
  4 ancient liches (D)
  3 Orb Guardians (D)
  A draconian shifter (D)
  5 vampire knights (D)
  A moth of wrath (D)
  A fire vortex (D)
16 creatures vanquished.

Grand Total: 528 creatures vanquished

Notes
Turn   | Place    | Note
-------+----------+-------------------------------------------
     0 | D        | olmar the Naga Fighter began the quest for the Orb.
     0 | D        | Reached XP level 1. HP: 21/21 MP: 1/1
   217 | D        | Noticed a jelly
   221 | D        | Reached XP level 2. HP: 30/30 MP: 2/2
   225 | D        | Reached XP level 3. HP: 37/37 MP: 3/3
   284 | D        | Found a roughly hewn altar of Beogh.
   284 | D        | Found a snail-covered altar of Cheibriados.
   284 | D        | Found a shadowy altar of Dithmenos.
   284 | D        | Found a white marble altar of Elyvilon.
   284 | D        | Found a blossoming altar of Fedhas.
   284 | D        | Found an opulent altar of Gozag.
   285 | D        | Found a hazy altar of Hepliaklqana.
   286 | D        | Found a viscous altar of Jiyva.
   287 | D        | Found an ancient bone altar of Kikubaaqudgha.
   288 | D        | Found a corrupted altar of Lugonu.
   289 | D        | Found a burning altar of Makhleb.
   290 | D        | Found a sparkling altar of Nemelex Xobeh.
   291 | D        | Found an iron altar of Okawaru.
   292 | D        | Became a worshipper of Gozag Ym Sagoz the Greedy
   293 | D        | Found a stormy altar of Qazlal.
   294 | D        | Found a sacrificial altar of Ru.
   295 | D        | Found a shimmering blue altar of Sif Muna.
   296 | D        | Found a bloodstained altar of Trog.
   297 | D        | Found a hide-covered altar of Uskayaw.
   298 | D        | Found a radiant altar of Vehumet.
   299 | D        | Found an ornate altar of the Wu Jian Council.
   300 | D        | Found a shimmering altar of Xom.
   301 | D        | Found a basalt altar of Yredelemnul.
   302 | D        | Found a glowing silver altar of Zin.
   303 | D        | Found a glowing golden altar of the Shining One.
   350 | D        | Noticed a bullfrog
   350 | D        | Noticed an ogre
   350 | D        | Noticed an ogre
   350 | D        | Noticed a wyvern
   357 | D        | Killed a wyvern
   357 | D        | Reached skill level 5 in Armour
   357 | D        | Reached XP level 4. HP: 20/48 MP: 4/4
   357 | D        | Reached XP level 5. HP: 23/55 MP: 5/5
   360 | D        | Killed an ogre
   360 | D        | Reached skill level 5 in Shields
   360 | D        | Reached XP level 6. HP: 22/63 MP: 6/6
   379 | D        | Noticed a shadow
   379 | D        | Noticed a shadow
   381 | D        | Reached XP level 7. HP: 21/72 MP: 7/7
   389 | D        | Killed a shadow
   389 | D        | Reached skill level 10 in Maces & Flails
   395 | D        | Killed a shadow
   395 | D        | Reached XP level 8. HP: 51/81 MP: 8/8
   619 | D        | Noticed a yak
   619 | D        | Noticed a cane toad
   619 | D        | Noticed a komodo dragon
   629 | D        | Killed a komodo dragon
   631 | D        | Noticed a hippogriff
   634 | D        | Noticed a blink frog
   635 | D        | Killed a cane toad
   638 | D        | Killed a yak
   638 | D        | Reached XP level 9. HP: 83/91 MP: 9/9
   678 | D        | Noticed a cane toad
   685 | D        | Reached skill level 1 in Evocations
   704 | D        | Killed a cane toad
   712 | D        | Reached skill level 10 in Fighting
   717 | D        | Reached XP level 10. HP: 51/102 MP: 10/10
   753 | D        | Noticed an elephant
   753 | D        | Noticed a dire elephant
   753 | D        | Noticed an elephant
   753 | D        | Noticed a dire elephant
   753 | D        | Noticed an elephant
   753 | D        | Noticed a dire elephant
   765 | D        | Noticed an elephant
   775 | D        | Killed a dire elephant
   775 | D        | Reached skill level 15 in Maces & Flails
   795 | D        | Killed a dire elephant
   795 | D        | Reached skill level 10 in Armour
   801 | D        | Killed an elephant
   806 | D        | Killed a dire elephant
   809 | D        | Killed an elephant
   809 | D        | Reached XP level 11. HP: 41/111 MP: 11/11
  1081 | D        | Noticed Josephine
  1099 | D        | Killed Josephine
  1099 | D        | Reached skill level 10 in Shields
  1161 | D        | Bought a lightning rod (4/4) for 440 gold pieces
  1161 | D        | Bought a wand of disintegration (12) for 176 gold pieces
  1161 | D        | Bought a wand of random effects (8) for 55 gold pieces
  1161 | D        | Bought a tin of tremorstones (3/3) for 440 gold pieces
  1210 | D        | Noticed an orc knight
  1210 | D        | Noticed an orc high priest
  1217 | D        | Noticed an orc knight
  1221 | D        | Noticed an orc knight
  1231 | D        | Killed an orc high priest
  1233 | D        | Killed an orc knight
  1246 | D        | Killed an orc knight
  1249 | D        | Killed an orc knight
  1268 | D        | Reached skill level 5 in Evocations
  1528 | D        | Found Osecsaor's Armour Boutique.
  1528 | D        | Noticed an orc sorcerer
  1528 | D        | Noticed an orc sorcerer
  1530 | D        | Killed an orc sorcerer
  1531 | D        | Killed an orc sorcerer
  1531 | D        | Reached XP level 12. HP: 126/126 MP: 12/12
  1539 | D        | Found Deuhood's Antique Armour Shop.
  1551 | D        | Found Puhiyps's Gadget Boutique.
  1555 | D        | Found Ehaqul's Armour Shop.
  1594 | D        | Bought the cursed +0 buckler "Syiggeth" {rElec Regen+} for
                  | 217 gold pieces
  1606 | D        | Bought 2 scrolls of fear for 84 gold pieces
  1606 | D        | Bought a potion of curing for 36 gold pieces
  1626 | D        | Noticed Eustachio
  1632 | D        | Killed Eustachio
  1633 | D        | Noticed Erolcha
  1645 | D        | Killed Erolcha
  1724 | D        | Found the +0 sword of Power
  1800 | D        | Noticed a tengu warrior
  1800 | D        | Noticed a centaur warrior
  1802 | D        | Killed a tengu warrior
  1804 | D        | Killed a centaur warrior
  1804 | D        | Noticed a deep troll earth mage
  1813 | D        | Killed a deep troll earth mage
  1813 | D        | Reached skill level 10 in Evocations
  1814 | D        | Noticed an ettin
  1817 | D        | Noticed a rakshasa
  1820 | D        | Killed an ettin
  1822 | D        | Noticed a vampire knight
  1827 | D        | Killed a rakshasa
  1835 | D        | Killed a vampire knight
  1977 | D        | Noticed Rupert
  1981 | D        | Paralysed by Rupert for 2 turns
  1992 | D        | Killed Rupert
  1992 | D        | Gained mutation: You can use your snake-like lower body to
                  | constrict enemies. [Naga growth]
  1992 | D        | Reached XP level 13. HP: 126/136 MP: 13/13
  2002 | D        | Noticed Kirke
  2018 | D        | Killed Kirke
  2099 | D        | Noticed a ghost moth
  2104 | D        | Killed a ghost moth
  2111 | D        | Reached skill level 15 in Fighting
  2151 | D        | Reached skill level 15 in Evocations
  2174 | D        | Reached XP level 14. HP: 117/147 MP: 9/14
  2203 | D        | Bought the +10 whip "Jikimuak" {freeze, Fragile rC++ rN+
                  | Stlth+} for 964 gold pieces
  2273 | D        | Noticed Grum
  2281 | D        | Killed Grum
  2338 | D        | Noticed a green very ugly thing
  2338 | D        | Noticed a stone giant
  2345 | D        | Noticed a cyan very ugly thing
  2348 | D        | Killed a stone giant
  2354 | D        | Killed a green very ugly thing
  2355 | D        | Noticed a sphinx
  2359 | D        | Reached skill level 15 in Armour
  2360 | D        | Killed a cyan very ugly thing
  2369 | D        | Killed a sphinx
  2372 | D        | Noticed a stone giant
  2379 | D        | Killed a stone giant
  2554 | D        | Noticed an ironheart preserver
  2554 | D        | Noticed a vault warden
  2559 | D        | Killed an ironheart preserver
  2559 | D        | Killed a vault warden
  2564 | D        | Noticed an entropy weaver
  2579 | D        | Noticed a vault warden
  2579 | D        | Killed an entropy weaver
  2579 | D        | Reached XP level 15. HP: 123/160 MP: 15/15
  2587 | D        | Noticed an orb of fire
  2587 | D        | Noticed an Orb Guardian
  2588 | D        | Noticed an Orb Guardian
  2596 | D        | Killed a vault warden
  2599 | D        | Killed an Orb Guardian
  2600 | D        | Gained mutation: You are weak. (Str -2) [an orb of fire]
  2628 | D        | Gained mutation: You tend to lose your temper in combat.
                  | [an orb of fire]
  2629 | D        | Gained mutation: Your spells are a little easier to cast,
                  | but a little less powerful. [an orb of fire]
  2655 | D        | Killed an Orb Guardian
  2657 | D        | Killed an orb of fire
  2866 | D        | Noticed Xtahua
  2876 | D        | Killed Xtahua
  2961 | D        | Noticed Margery
  2987 | D        | Killed Margery
  3084 | D        | Got the +0 pair of boots "Vetrobo" {rCorr Int+4 Dex-4 SInv}
  3130 | D        | Lost mutation: You are weak. (Str -2) [potion of mutation]
  3130 | D        | Lost mutation: Your spells are a little easier to cast, but
                  | a little less powerful. [potion of mutation]
  3130 | D        | Lost mutation: You tend to lose your temper in combat.
                  | [potion of mutation]
  3130 | D        | Gained mutation: You are weak. (Str -2) [potion of
                  | mutation]
  3130 | D        | Gained mutation: You are frail. (-10% HP) [potion of
                  | mutation]
  3130 | D        | Gained mutation: Your body sometimes deteriorates upon
                  | taking damage. [potion of mutation]
  3130 | D        | Gained mutation: You have a pair of small antennae on your
                  | head. [potion of mutation]
  3146 | D        | Noticed Louise
  3158 | D        | Killed Louise
  3209 | D        | Noticed Mara
  3215 | D        | Noticed olmar's illusion
  3226 | D        | Killed Mara
  3226 | D        | Reached XP level 16. HP: 155/156 MP: 16/16
  3248 | D        | Noticed Nikola
  3264 | D        | Killed Nikola
  3300 | D        | Reached skill level 1 in Stealth
  3330 | D        | Got a decaying rune of Zot
  3348 | D        | Reached skill level 5 in Stealth
  3413 | D        | Got a gossamer rune of Zot
  3465 | D        | Noticed a nagaraja
  3465 | D        | Noticed a nagaraja
  3465 | D        | Noticed a nagaraja
  3465 | D        | Noticed a nagaraja
  3466 | D        | Noticed a nagaraja
  3476 | D        | Killed a nagaraja
  3482 | D        | Killed a nagaraja
  3482 | D        | Noticed a nagaraja
  3484 | D        | Killed a nagaraja
  3484 | D        | Killed a nagaraja
  3486 | D        | Killed a nagaraja
  3486 | D        | Killed a nagaraja
  3489 | D        | Noticed a nagaraja
  3491 | D        | Killed a nagaraja
  3491 | D        | Reached skill level 15 in Shields
  3522 | D        | Got a serpentine rune of Zot
  3530 | D        | Bought a wavering brass ring for 130 gold pieces
  3530 | D        | Bought a scroll of blinking for 195 gold pieces
  3530 | D        | Bought a scroll labeled IMPOAS ZUOCW for 26 gold pieces
  3530 | D        | Bought a scroll labeled WEOTODGH JEOM for 26 gold pieces
  3530 | D        | Bought a pair of runed gloves for 195 gold pieces
  3531 | D        | Identified the ring of Xom's Best Wishes {AC+4 Dex+2
                  | Stlth+} (You bought it in a shop in the Dungeon)
  3535 | D        | Bought the ring of Abukiawu {rElec rF+ Dex+2 Slay+4 Stlth+}
                  | for 1256 gold pieces
  3537 | D        | Bought a glowing barding for 676 gold pieces
  3537 | D        | Bought a pair of runed gloves for 195 gold pieces
  3584 | D        | Noticed Ilsuiw
  3585 | D        | Reached XP level 17. HP: 150/167 MP: 17/17
  3586 | D        | Reached skill level 10 in Stealth
  3597 | D        | Killed Ilsuiw
  3644 | D        | Got a barnacled rune of Zot
  3691 | D        | Noticed Frederick
  3708 | D        | Killed Frederick
  3783 | D        | Bought the +3 crown of Dyrovepreva {rElec Int+2 SInv} for
                  | 1200 gold pieces
  3783 | D        | Found the +3 crown of Dyrovepreva {rElec Int+2 SInv}
  3783 | D        | Bought an embroidered scarf for 232 gold pieces
  3800 | D        | Bought the +8 lance "Wyrmbane" {slay drac, rPois rF+ rC+
                  | AC+3} for 1696 gold pieces
  3800 | D        | Found the +8 lance "Wyrmbane" {slay drac, rPois rF+ rC+
                  | AC+3}
  3821 | D        | Reached skill level 1 in Polearms
  3849 | D        | Reached skill level 5 in Polearms
  3907 | D        | Reached skill level 27 in Evocations
  3942 | D        | Noticed a titan
  3950 | D        | Reached skill level 10 in Polearms
  3973 | D        | Killed a titan
  4009 | D        | Reached XP level 18. HP: 60/180 MP: 18/18
  4146 | D        | Noticed a golden dragon
  4146 | D        | Noticed a titan
  4153 | D        | Reached skill level 15 in Polearms
  4163 | D        | Killed a titan
  4164 | D        | Killed a golden dragon
  4324 | D        | Got a silver rune of Zot
  4351 | D        | Noticed Nergalle
  4357 | D        | Killed Nergalle
  4391 | D        | Noticed Aizul
  4408 | D        | Killed Aizul
  4478 | D        | Got the ring "Ethruk" {rElec rF+ Dex+3}
  4480 | D        | Got the ring of Zekher {Fire rPois rN+}
  4482 | D        | Got the ring "Keaqet" {Wiz rElec rPois Str-3 Dex+7}
  4484 | D        | Found the +3 giant club "Skullcrusher" {speed, Str+7}
  4484 | D        | Got the ring "Saim Poh" {+Inv rPois rF- rN+++ Stlth+}
  4486 | D        | Got the ring of Xom's Entertainment {rF- EV+3 Str+2 Slay+3}
  4577 | D        | Bought a potion of berserk rage for 85 gold pieces
  4577 | D        | Bought a potion of curing for 51 gold pieces
  4577 | D        | Bought a scroll of identify for 34 gold pieces
  4577 | D        | Bought a potion of heal wounds for 85 gold pieces
  4599 | D        | Lost mutation: You have a pair of small antennae on your
                  | head. [potion of mutation]
  4599 | D        | Lost mutation: You are weak. (Str -2) [potion of mutation]
  4599 | D        | Lost mutation: Your body sometimes deteriorates upon taking
                  | damage. [potion of mutation]
  4599 | D        | Lost mutation: You are frail. (-10% HP) [potion of
                  | mutation]
  4599 | D        | Gained mutation: You can exhale a cloud of poison. [potion
                  | of mutation]
  4599 | D        | Gained mutation: Your mind is acute. (Int +2) [potion of
                  | mutation]
  4599 | D        | Gained mutation: You are partially covered in rugged brown
                  | scales. (AC +1, +3% HP) [potion of mutation]
  4663 | D        | Noticed a lich
  4663 | D        | Noticed a tentacled monstrosity
  4665 | D        | Noticed a juggernaut
  4666 | D        | Killed a tentacled monstrosity
  4666 | D        | Killed a lich
  4681 | D        | Killed a juggernaut
  4706 | D        | Noticed a golden dragon
  4706 | D        | Noticed a golden dragon
  4712 | D        | Killed a golden dragon
  4733 | D        | Killed a golden dragon
  4733 | D        | Reached skill level 15 in Stealth
  4829 | D        | Noticed a quicksilver dragon
  4848 | D        | Killed a quicksilver dragon
  4938 | D        | Reached XP level 19. HP: 226/226 MP: 19/19
  4997 | D        | Noticed a golden dragon
  5024 | D        | Killed a golden dragon
  5164 | D        | Noticed a tentacled monstrosity
  5169 | D        | Killed a tentacled monstrosity
  5176 | D        | Noticed a tentacled monstrosity
  5187 | D        | Killed a tentacled monstrosity
  5366 | D        | Reached skill level 27 in Fighting
  5530 | D        | Noticed a tentacled monstrosity
  5540 | D        | Reached skill level 27 in Stealth
  5547 | D        | Killed a tentacled monstrosity
  5556 | D        | Reached XP level 20. HP: 228/243 MP: 20/20
  5604 | D        | Noticed an ancient lich
  5615 | D        | Killed an ancient lich
  5634 | D        | Noticed an orb of fire
  5665 | D        | Killed an orb of fire
  5787 | D        | Noticed an electric golem
  5795 | D        | Killed an electric golem
  5795 | D        | Reached skill level 27 in Polearms
  5802 | D        | Noticed an ancient lich
  5802 | D        | Noticed an orb of fire
  5802 | D        | Noticed an electric golem
  5807 | D        | Noticed an orb of fire
  5816 | D        | Killed an electric golem
  5818 | D        | Noticed an orb of fire
  5819 | D        | Lost mutation: You are partially covered in rugged brown
                  | scales. (AC +1, +3% HP) [an orb of fire]
  5819 | D        | Noticed an orb of fire
  5826 | D        | Lost mutation: Your mind is acute. (Int +2) [an orb of
                  | fire]
  5833 | D        | Gained mutation: You are dopey. (Int -2) [an orb of fire]
  5840 | D        | Killed an orb of fire
  5844 | D        | Killed an ancient lich
  5856 | D        | Gained mutation: You are partially covered in rugged brown
                  | scales. (AC +1, +3% HP) [an orb of fire]
  5859 | D        | Gained mutation: You are frail. (-10% HP) [an orb of fire]
  5865 | D        | Killed an orb of fire
  5871 | D        | Gained mutation: You are very dopey. (Int -4) [an orb of
                  | fire]
  5874 | D        | Killed an orb of fire
  5881 | D        | Gained mutation: You occasionally shout uncontrollably at
                  | your foes. [an orb of fire]
  5887 | D        | Killed an orb of fire
  6092 | D        | Noticed an ancient lich
  6092 | D        | Noticed an ancient lich
  6098 | D        | Killed an ancient lich
  6100 | D        | Killed an ancient lich
  6107 | D        | Killed an ancient lich
  6113 | D        | Killed an ancient lich
  6343 | D        | Reached XP level 21. HP: 176/226 MP: 21/21
  6455 | D        | Got an elven rune of Zot
  6472 | D        | Reached skill level 27 in Armour
  6495 | D        | Noticed the Royal Jelly
  6503 | D        | Reached skill level 27 in Shields
  6528 | D        | Killed the Royal Jelly
  6554 | D        | Reached skill level 15 in Short Blades
  6588 | D        | Got a slimy rune of Zot
  6748 | D        | Reached skill level 10 in Dodging
  6771 | D        | Paralysed by a sphinx for 6 turns
  6875 | D        | Reached skill level 15 in Dodging
  6904 | D        | HP: 9/226 [something (12)]
  7189 | D        | Noticed a greater mummy
  7189 | D        | Noticed a greater mummy
  7279 | D        | Noticed a greater mummy
  7283 | D        | Noticed a greater mummy
  7292 | D        | Killed a greater mummy
  7292 | D        | Reached XP level 22. HP: 92/236 MP: 22/22
  7298 | D        | Killed a greater mummy
  7298 | D        | Killed a greater mummy
  7299 | D        | Killed a greater mummy
  7299 | D        | Noticed a greater mummy
  7310 | D        | Killed a greater mummy
  7450 | D        | Got a golden rune of Zot
  7493 | D        | Got an abyssal rune of Zot
  7625 | D        | Noticed Geryon
  7676 | D        | Killed Geryon
  7722 | D        | Identified the +6 sword of Cerebov {flame}
  7722 | D        | Noticed Cerebov
  7722 | D        | Noticed Ereshkigal
  7737 | D        | Noticed Lom Lobon
  7750 | D        | Killed Ereshkigal
  7752 | D        | Noticed Gloorx Vloq
  7759 | D        | Upgraded the game from 0.26-a0-651-gb41185065b to
                  | 0.26-a0-652-gafc20e3620
  7763 | D        | Noticed Mnoleg
  7779 | D        | Killed Cerebov
  7779 | D        | HP: 8/354 [Lom Lobon/great icy blast (62)]
  7786 | D        | Killed from afar by Lom Lobon

Illustrated notes

Levels and vault maps discovered:
D:        linesprint [early_d, line_temple, items_1, d_10, items_2, lair_1,
          lair_end, items_3, orc_1, orc_end, items_4, d_15, swamp_1, shoals_1,
          snake_1, spider_1, d_20, vaults_1, items_5, swamp_end, shoals_end,
          snake_end, spider_end, vaults_end, d_27, items_6, zot_1, zot_end,
          crypt_end, forest_end, elf_end, slime_end, tomb_end, abyss_end,
          pan_hell_end]

Skill      XL: |  1  2  3  4  5  6  7  8  9 10 11 12 13 14 15 16 17 18 19 20 21 22 |
---------------+-------------------------------------------------------------------+-----
Armour         | 3 5 6 7 8 9 10 11 13 14 16 18 19 20 22 23 26 27 | 27.0
Shields        | 3 4 5 6 7 8 9 10 11 12 13 14 15 16 17 19 24 27 | 27.0
Fighting       | 4 6 7 9 10 11 13 14 15 17 18 20 22 25 27 | 27.0
Maces & Flails | 3 6 7 9 11 13 14 16 17 18 19 20 21 22 | 22.0
Evocations     | 1 2 5 12 15 18 23 26 27 | 27.0
Stealth        | 9 14 17 27 | 27.0
Polearms       | 14 20 25 27 | 27.0
Short Blades   | 17 | 17.3
Dodging        | 17 25 | 25.2

Action                   |  1- 3 |  4- 6 |  7- 9 | 10-12 | 13-15 | 16-18 | 19-21 | 22-24 || total
-------------------------+-------+-------+-------+-------+-------+-------+-------+-------++-------
Melee: Flail             |    35 |       |       |       |       |       |       |       ||    35
       Morningstar       |     5 |    14 |    75 |   115 |    40 |       |       |       ||   249
       Constrict         |       |       |       |       |    22 |    24 |    40 |     9 ||    95
       Whip              |       |       |       |       |   128 |   112 |       |       ||   240
       Lance             |       |       |       |       |       |   265 |   582 |   122 ||   969
Invok: Potion Petition   |       |       |       |     4 |       |       |     4 |    14 ||    22
       Call Merchant     |       |       |       |     3 |     1 |     9 |       |       ||    13
       Bribe Branch      |       |       |       |       |       |       |     1 |       ||     1
 Abil: Spit Poison       |     3 |       |    15 |     7 |     2 |       |       |       ||    27
Evoke: Wand              |       |       |     2 |    16 |     1 |       |     3 |       ||    22
       Lightning rod     |       |       |       |    30 |    39 |    21 |    13 |       ||   103
       Tin of tremorston |       |       |       |    21 |    42 |    62 |    27 |     7 ||   159
  Use: Potion            |     2 |       |     3 |    16 |     6 |     5 |     6 |     2 ||    40
       Scroll            |       |       |       |     1 |       |     3 |       |       ||     4
 Stab: Invisible         |       |     3 |     1 |     1 |       |       |       |       ||     5
       Sleeping          |       |       |       |    12 |       |     6 |    16 |     2 ||    36
       Paralysed         |       |       |       |     1 |       |       |       |       ||     1
       Distracted        |       |       |       |       |     3 |     9 |    16 |       ||    28
Armor: Scale mail        |    10 |       |       |       |       |       |       |       ||    10
       Chain mail        |     3 |     1 |    16 |    30 |       |       |       |       ||    50
       Plate armour      |       |       |       |    29 |   134 |   267 |     1 |       ||   431
       Ice dragon scales |       |       |       |       |       |    47 |   199 |    50 ||   296
       Skin              |       |       |       |       |       |       |       |     6 ||     6
Dodge: Dodged            |     8 |     2 |    14 |    25 |    19 |    46 |    43 |    29 ||   186
Block: Kite shield       |    15 |     9 |    31 |    42 |       |       |       |       ||    97
       Buckler           |       |       |       |    12 |    24 |    82 |    91 |    36 ||   245

Table legend: (Time is in decaauts)
 A = Elapsed time spent in this place.
 B = Non-inter-level travel time spent in this place.
 C = Inter-level travel time spent in this place.
 D = Time resting spent in this place.
 E = Time spent auto-exploring this place.
 F = Levels seen in this place.
 G = Mean time per level.
                   A        B        C        D        E       F      G
               +--------+--------+--------+--------+--------+-----+--------+
         Total |   8129 |   8129 |      0 |   1245 |   3495 |   1 | 8129.0 |
       Dungeon |   8129 |   8129 |      0 |   1245 |   3495 |   1 | 8129.0 |
               +--------+--------+--------+--------+--------+-----+--------+

Top non-repeatable levels by time:
       D: 8129 daAuts
